 Dungeon Crawl Stone Soup version 0.29-a0-275-g389c0b56f3 (webtiles) character file.

Game seed: 15230560494093332956

2709 Murumi the Fighter (level 9, -11/99 (101) HPs)
             Began as an Ogre Gladiator on Mar 11, 2022.
             Mangled by a boulder beetle (23 damage)
             ... on level 7 of the Dungeon.
             The game lasted 00:40:01 (9703 turns).

Murumi the Fighter (Ogre Gladiator)                 Turns: 9703, Time: 00:40:01

HP:   -11/99 (101)  AC: 12    Str: 23    XL:     9   Next: 66%
MP:   0/13          EV: 11    Int: 13    God:
Gold: 451           SH:  0    Dex: 16    Spells: 12/14 levels left

rFire   + . .      SeeInvis .   H - +1 morningstar (freeze)
rCold   + . .      Faith    .   (no shield)
rNeg    . . .      Spirit   +   o - +0 troll leather armour
rPois   +          Reflect  .   c - +2 hat
rElec   +          Harm     .   y - +0 cloak
rCorr   +          Rampage  .   (gloves unavailable)
Will    .....                   (boots unavailable)
Stlth   +++.......              h - amulet of guardian spirit
HPRegen 1.06/turn               i - ring of the Marlin {rCorr Str+3 Dex+6 Stlth+}
MPRegen 0.13/turn               u - +4 ring of protection

@: mighty, resistant, lightly drained
A: large, unfitting armour, tough skin 1
a: no special abilities


You were on level 7 of the Dungeon.
You visited 2 branches of the dungeon, and saw 8 of its levels.

You collected 451 gold pieces.

Inventory:

Hand Weapons
 p - a +0 giant spiked club
 H - a +1 morningstar of freezing (weapon)
Missiles
 l - 245 stones
 n - 6 silver javelins
 q - 6 large rocks
 w - 13 boomerangs (quivered)
 C - 7 poisoned darts
 G - 2 throwing nets
Armour
 c - a +2 hat (worn)
 o - a +0 troll leather armour (worn)
 y - a +0 cloak (worn)
Jewellery
 d - a ring of willpower
 h - an amulet of guardian spirit (around neck)
 i - the ring of the Marlin (left hand) {rCorr Str+3 Dex+6 Stlth+}
   (You took it off a wight on level 7 of the Dungeon)

   [ring of dexterity]

   Str:       It affects your strength (+3).
   Dex:       It affects your dexterity (+6).
   rCorr:     It protects you from acid and corrosion.
   Stlth:     It makes you more stealthy.
 j - a +4 ring of evasion
 u - a +4 ring of protection (right hand)
 F - the ring "Lusal" {+Blink rPois Will- MP+9 Int+2}
   (You took it off a wight on level 7 of the Dungeon)

   [ring of poison resistance]

   Int:       It affects your intelligence (+2).
   rPois:     It protects you from poison.
   MP:        It affects your magic capacity (+9).
   +Blink:    It lets you blink.
   Will:      It decreases your willpower.
Wands
 k - a wand of iceblast (5)
 s - a wand of acid (8)
 A - a wand of mindburst (13)
Scrolls
 t - 3 scrolls of teleportation
 v - a scroll of fog
 x - a scroll of magic mapping
 E - a scroll of blinking
Potions
 e - a potion of might
 g - a potion of cancellation
 m - 2 potions of mutation
 z - 2 potions of flight
 D - a potion of degeneration {unknown}


   Skills:
 - Level 10.0 Fighting
 - Level 5.0 Maces & Flails
 - Level 6.0 Throwing
 - Level 2.0 Armour
 - Level 5.0 Dodging
 - Level 2.0 Stealth
 + Level 3.0 Spellcasting
 - Level 2.0 Transmutations
 - Level 2.0 Evocations


You had 12 spell levels left.
You knew the following spells:

 Your Spells              Type           Power      Damage    Failure   Level
a - Wereblood             Tmut           7%         N/A       17%         2

Your spell library contained the following spells:

 Spells                   Type           Power      Damage    Failure   Level
 Sandblast                Erth           2%         2d4       26%         1
 Passwall                 Tmut/Erth      3%         N/A       26%         2
 Sublimation of Blood     Necr           1%         N/A       36%         2
 Stone Arrow              Conj/Erth      2%         3d7       61%         3
 Iskenderun's Battlesphe  Conj           1%         2d6       100%        5
 Iron Shot                Conj/Erth      0%         9d1       100%        6
 Spellforged Servitor     Conj/Summ      0%         N/A       100%        7
 Summon Hydra             Summ           0%         N/A       100%        7


Dungeon Overview and Level Annotations

Branches:
Dungeon (7/15)             Temple (1/1) D:5

Altars:
Ashenzari
Dithmenos
Elyvilon
Fedhas
Gozag
Hepliaklqana
Makhleb
Nemelex Xobeh
Okawaru
Ru
Sif Muna
Trog
Uskayaw
Vehumet
Wu Jian
Xom
Yredelemnul
Zin

Shops:
D:2 =


Innate Abilities, Weirdness & Mutations

You are too large for most types of armour.
You have tough skin. (AC +1)


Message History

The boulder beetle is moderately wounded.
The boulder beetle bites you!!
* * * LOW HITPOINT WARNING * * *
You hit the boulder beetle. You freeze the boulder beetle.
The boulder beetle is heavily wounded.
The boulder beetle leaps!
You barely miss the fire elemental.
Your primal bloodlust is almost over.
The fire elemental hits you. The fire elemental burns you! You resist.
* * * LOW HITPOINT WARNING * * *
The fire elemental hits you. The fire elemental burns you! You resist.
* * * LOW HITPOINT WARNING * * *
You bludgeon the fire elemental!! You freeze the fire elemental!
The fire elemental is almost destroyed.
The fire elemental hits you. The fire elemental burns you! You resist.
* * * LOW HITPOINT WARNING * * *
You barely miss the fire elemental.
The fire elemental is almost destroyed.
The fire elemental hits you. The fire elemental burns you! You resist.
* * * LOW HITPOINT WARNING * * *
The fire elemental hits you. The fire elemental burns you! You resist.
* * * LOW HITPOINT WARNING * * *
It was a potion of curing.
You feel better. The fire elemental hits you. The fire elemental burns you!
You resist.
* * * LOW HITPOINT WARNING * * *
You closely miss the fire elemental.
The fire elemental is almost destroyed.
The fire elemental hits you. The fire elemental burns you! You resist.
* * * LOW HITPOINT WARNING * * *
The deep elf pyromancer casts a spell.
You bludgeon the boulder beetle!! You freeze the boulder beetle.
The boulder beetle is severely wounded.
Your primal bloodlust has ended.
You hear a shout!
The boulder beetle bites you but does no damage.
You hear a horrible gurgling sound!
You hit the boulder beetle but do no damage.
The boulder beetle is severely wounded.
The boulder beetle bites you!!
You die...

#.##.# ...##.#. #.. #.#.##
§...#...# .... #.#..##ul)§#
...## . ## #.'..†##.:[#
#..####. #.#..##...○#
#...... #)#.##....)#
###..... #.##.##☼○.#
##.....##
#..##.##°.#.###.#)#.##.
##..##@B9..###..#.#..##
######..###e####...#.#...#
#....[......E.#....#.#....
.........###########...####
########.#####.'.....⌠..).[
..............#####...####
#######.###.###....#.#....
#.# #...##.).#.#...# #.#
####.##..#.#..##


You could see a boulder beetle, a deep elf pyromancer, a fire elemental
(summoned) and a gargoyle.

Vanquished Creatures
  2 trolls (D:7)
  A wyvern (D:7)
  2 black bears
  An ice beast (D:4)
  An orc warrior (D:7)
  3 ogres
  2 centaurs
  2 bullfrogs (D:7)
  A scorpion (D:7)
  A necrophage (D:7)
  7 wights
  A howler monkey (D:6)
  2 jellies
  3 hounds
  An orc priest (D:5)
  Crazy Yiuf (D:6)
  A gnoll shaman (D:4)
  3 iguanas
  Natasha (D:2)
  2 orc wizards (D:6)
  Robin (D:2)
  5 gnolls (D:4)
  11 adders
  2 river rats (D:4)
  A shadow imp (D:5)
  A white imp (D:7)
  2 ufetubi
  3 worms
  A dart slug (D:2)
  12 orcs
  10 endoplasms
  5 giant cockroaches
  15 goblins
  9 hobgoblins
  3 quokkas
  6 ball pythons
  7 bats
  7 frilled lizards
  7 kobolds
  2 rats
148 creatures vanquished.

Notes
Turn   | Place    | Note
-------+----------+-------------------------------------------
     0 | D:1      | Murumi the Ogre Gladiator began the quest for the Orb.
     0 | D:1      | Reached XP level 1. HP: 22/22 MP: 1/1
   134 | D:1      | Reached skill level 3 in Fighting
   331 | D:1      | Reached XP level 2. HP: 21/31 MP: 2/2
   792 | D:1      | Reached XP level 3. HP: 39/39 MP: 3/3
  1140 | D:2      | Noticed Robin
  1143 | D:2      | Reached skill level 4 in Fighting
  1327 | D:2      | Reached skill level 1 in Spellcasting
  1431 | D:2      | Found Keefro's Jewellery Shop.
  1496 | D:2      | Learned a level 2 spell: Wereblood
  1542 | D:2      | Noticed Natasha
  1564 | D:2      | Killed Natasha
  1565 | D:2      | Reached skill level 1 in Armour
  1565 | D:2      | Reached skill level 1 in Transmutations
  1565 | D:2      | Reached XP level 4. HP: 37/48 MP: 3/5
  1583 | D:2      | Reached skill level 1 in Evocations
  1713 | D:2      | Killed Robin
  2048 | D:2      | Reached skill level 1 in Stealth
  2279 | D:3      | Reached XP level 5. HP: 55/55 MP: 6/6
  2709 | D:3      | Reached skill level 5 in Fighting
  3173 | D:4      | Noticed an ice beast
  3266 | D:4      | Reached XP level 6. HP: 10/66 MP: 0/9
  3680 | D:4      | Killed an ice beast
  3681 | D:4      | Reached skill level 6 in Fighting
  4167 | D:4      | Reached XP level 7. HP: 76/76 MP: 10/10
  4512 | D:4      | Reached skill level 7 in Fighting
  4936 | D:5      | Entered Level 5 of the Dungeon
  5838 | D:5      | Reached skill level 8 in Fighting
  6007 | D:5      | Found a staircase to the Ecumenical Temple.
  6183 | Temple   | Entered the Ecumenical Temple
  7020 | D:5      | Reached XP level 8. HP: 79/88 MP: 8/11
  7494 | D:6      | HP: 4/86 [poisoned by a wight]
  7806 | D:6      | Reached skill level 5 in Throwing
  8124 | D:6      | Found a runed translucent door.
  8125 | D:6      | Noticed Crazy Yiuf
  8190 | D:6      | Reached skill level 9 in Fighting
  8569 | D:6      | Killed Crazy Yiuf
  8838 | D:7      | Reached XP level 9. HP: 94/98 MP: 13/13
  8896 | D:7      | Noticed a troll
  8896 | D:7      | Noticed a troll
  8923 | D:7      | Killed a troll
  8924 | D:7      | Reached skill level 5 in Maces & Flails
  8927 | D:7      | Killed a troll
  8928 | D:7      | Reached skill level 5 in Dodging
  8977 | D:7      | Identified the +7 rapier of Linearity {spect, *Slow rPois
                  | Will+ Str+6}
  9066 | D:7      | Identified the ring "Lusal" {+Blink rPois Will- MP+9 Int+2}
  9083 | D:7      | HP: 3/92 [wight/+1 morningstar of freezing (6)]
  9083 | D:7      | HP: 1/92 [wight/+1 morningstar of freezing (2)]
  9459 | D:7      | Identified the ring of the Marlin {rCorr Str+3 Dex+6
                  | Stlth+}
  9654 | D:7      | Reached skill level 10 in Fighting
  9682 | D:7      | Noticed a deep elf pyromancer
  9682 | D:7      | Noticed a boulder beetle
  9682 | D:7      | Noticed a gargoyle
  9683 | D:7      | Noticed a green ugly thing
  9703 | D:7      | Mangled by a boulder beetle

Illustrated notes

Levels and vault maps discovered:
D:1:      minmay_arrival_widening_spiral_wide, layout_loops_ring
D:2:      layout_rooms, serial_shops, nicolae_square_shop, uniq_robin,
          uniq_natasha
D:3:      layout_basic
D:4:      layout_basic, portal_sewer_entry_e
D:5:      layout_basic, temple_pool_b
D:6:      layout_basic, uniq_crazy_yiuf_cottage
D:7:      minmay_the_grid_octo_triangle [minmay_the_grid_octo_odd_swirl,
          minmay_the_grid_octo_prize_ultimate_mussel_roller,
          minmay_the_grid_octo_clover], layout_loops_ring
Temple:   mainiacjoe_temple_coin_purse

Skill      XL: |  1  2  3  4  5  6  7  8  9 |
---------------+----------------------------+-----
Fighting       | 3 4 5 6 8 9 10 | 10.0
Maces & Flails | 3 4 5 |  5.0
Dodging        | 3 4 5 |  5.0
Spellcasting   | 1 2 3 |  3.0
Armour         | 1 2 |  2.0
Transmutations | 1 2 |  2.0
Evocations     | 1 2 |  2.0
Stealth        | 1 2 |  2.0
Throwing       | 3 4 5 6 |  6.0

Action                   |  1- 3 |  4- 6 |  7- 9 || total
-------------------------+-------+-------+-------++-------
Melee: Flail             |    85 |       |       ||    85
       Punch             |     1 |     2 |    14 ||    17
       Whip              |    30 |   201 |   529 ||   760
       Morningstar       |       |       |    17 ||    17
Throw: Stone             |    71 |    52 |   125 ||   248
       Throwing net      |     2 |       |     5 ||     7
       Javelin           |       |     6 |     1 ||     7
       Large rock        |       |     2 |     4 ||     6
       Dart              |       |       |     4 ||     4
       Boomerang         |       |       |     1 ||     1
 Cast: Wereblood         |       |     1 |     3 ||     4
Evoke: Wand              |       |     1 |     3 ||     4
  Use: Scroll            |     3 |     3 |    11 ||    17
       Potion            |       |       |     6 ||     6
 Stab: Sleeping          |       |     3 |     4 ||     7
Armor: Robe              |    55 |    30 |   127 ||   212
       Skin              |       |       |    32 ||    32
       Troll leather arm |       |       |    21 ||    21
Dodge: Dodged            |    66 |   138 |   319 ||   523

Table legend: (Time is in decaauts)
 A = Elapsed time spent in this place.
 B = Non-inter-level travel time spent in this place.
 C = Inter-level travel time spent in this place.
 D = Time resting spent in this place.
 E = Time spent auto-exploring this place.
 F = Levels seen in this place.
 G = Mean time per level.
                   A        B        C        D        E       F      G
               +--------+--------+--------+--------+--------+-----+--------+
         Total |   9675 |   8927 |    748 |    436 |   6697 |   8 | 1209.4 |
       Dungeon |   9474 |   8741 |    733 |    436 |   6524 |   7 | 1353.4 |
        Temple |    200 |    186 |     14 |      0 |    173 |   1 |  200.0 |
               +--------+--------+--------+--------+--------+-----+--------+

Top non-repeatable levels by time:
     D:5: 1987 daAuts
     D:4: 1791 daAuts
     D:6: 1541 daAuts
     D:1: 1290 daAuts
     D:3: 985 daAuts
     D:2: 962 daAuts
     D:7: 916 daAuts
  Temple: 200 daAuts
